AoeStats
← lpmurphyanalytics

Black Forest

505091289Analyzed
4v4 RM · 25d ago on Sep 7, 2026· 48m 42s· 8 players
Game mode
Random Map
Map size
Large (8 player)
Population
200
Speed
Normal
Resources
Standard
Victory
Conquest
Starting age
Dark Age
Ending age
Imperial Age
RankedLock teamsTeams togetherTeam positionsShared explorationLock speedFull tech treeHidden civsTurbo modeCheats
Victory
Defeat
🇩🇪 Persians · Germany
1175
+5
🇬🇧 Dravidians · United Kingdom
857
+17
🇩🇪 Franks · Germany
810
+19
🇩🇪 Gurjaras · Germany
477
+29
🇺🇸 Hindustanis · United States
878
-18
🇺🇸 Burgundians · United States
874
-18
🇳🇬 Vikings · Nigeria
860
-17
🇺🇸 Gurjaras · United States
855
-17
R2Q8
2:47 Loom
12:45 Feudal Age
13:42 Feudal Age
14:13 Feudal Age
15:39 Double-Bit Axe
18:56 Wheelbarrow
19:54 Stone Mining
23:14 Horse Collar
24:24 Gold Mining
30:08 Castle Age
31:05 Hand Cart
33:07 Bloodlines
32:58 Husbandry
34:13 Bow Saw
35:37 Forging
35:33 Scale Barding Armor
37:59 Chain Barding Armor
38:15 Iron Casting
40:01 Town Watch
43:49 Imperial Age
lpmurphyanalytics
13:15 Feudal Age
16:24 Double-Bit Axe
16:41 Horse Collar
23:05 Castle Age
24:11 Fletching
25:26 Wheelbarrow
26:41 Bow Saw
26:33 Heavy Plow
26:28 Stone Mining
26:52 Gold Mining
28:10 Hand Cart
27:48 Fishing Lines
28:29 Loom
30:06 Thumb Ring
31:16 Kshatriyas
31:16 Gillnets
35:36 Imperial Age
33:22 Bodkin Arrow
34:09 Padded Archer Armor
35:48 Leather Archer Armor
37:03 Ballistics
37:44 Chemistry
36:56 Fortified Wall
37:37 Elite Elephant Archer
41:39 Frontier Guards
41:29 Husbandry
41:41 Bloodlines
42:45 Bracer
44:25 Scale Barding Armor
44:03 Elite Skirmisher
46:33 Town Watch
48:18 Conscription
Mrithnaw
1:48 Loom
13:02 Double-Bit Axe
14:40 Horse Collar
17:45 Feudal Age
19:20 Heavy Plow
21:30 Bow Saw
25:00 Castle Age
27:27 Wheelbarrow
27:39 Town Watch
29:15 Crop Rotation
29:45 Two-Man Saw
30:14 Forging
30:09 Scale Barding Armor
30:24 Hand Cart
30:08 Gold Mining
30:10 Stone Mining
29:55 Cavalier
31:38 Town Patrol
31:56 Husbandry
38:08 Iron Casting
37:53 Chain Barding Armor
39:47 Pikeman
40:46 Scale Mail Armor
43:06 Chain Mail Armor
Fennec fox
0:32 Loom
14:14 Feudal Age
22:23 Castle Age
20:14 Horse Collar
20:44 Double-Bit Axe
20:52 Gold Mining
21:26 Stone Mining
21:40 Town Watch
27:46 Fortified Wall
27:57 Ballistics
27:33 Murder Holes
27:18 Treadmill Crane
27:50 Masonry
27:47 Caravan
27:43 Fletching
29:04 Bodkin Arrow
29:23 Forging
29:14 Scale Mail Armor
32:49 Imperial Age
34:05 Conscription
34:22 Hoardings
33:49 Chieftains
35:43 Iron Casting
35:24 Chain Mail Armor
35:09 Bracer
35:20 Heavy Plow
35:33 Bow Saw
36:01 Gold Shaft Mining
35:04 Pikeman
36:19 Squires
38:28 Blast Furnace
38:01 Crop Rotation
38:40 Two-Man Saw
37:13 Light Cavalry
38:52 Scale Barding Armor
39:00 Cavalier
TheRealLuckystrike
15:02 Feudal Age
24:13 Castle Age
23:28 Double-Bit Axe
26:08 Scale Barding Armor
26:14 Forging
29:11 Husbandry
31:54 Bow Saw
32:28 Iron Casting
32:14 Chain Barding Armor
35:41 Loom
36:32 Wheelbarrow
35:43 Town Watch
36:54 Caravan
39:25 Hand Cart
39:11 Town Patrol
44:24 Imperial Age
44:27 Cavalier
45:18 Stone Mining
45:24 Gold Mining
46:31 Paladin
49:25 Plate Barding Armor
49:51 Blast Furnace
HENTZUS
0:28 Loom
10:52 Feudal Age
13:44 Wheelbarrow
12:55 Town Watch
13:39 Double-Bit Axe
14:17 Horse Collar
14:33 Stone Mining
14:37 Gold Mining
21:52 Castle Age
20:16 Fletching
20:58 Padded Archer Armor
21:11 Arson
22:39 Heavy Plow
23:08 Bow Saw
24:38 Town Watch
24:24 Crossbowman
25:23 Bodkin Arrow
26:19 Thumb Ring
28:00 Stone Shaft Mining
28:14 Gold Shaft Mining
32:29 Hand Cart
37:00 Leather Archer Armor
36:56 Forging
36:47 Scale Mail Armor
36:52 Scale Barding Armor
46:18 Iron Casting
46:27 Chain Barding Armor
46:22 Chain Mail Armor
47:11 Heated Shot
47:42 Ballistics
47:19 Murder Holes
47:35 Fortified Wall
47:16 Guard Tower
47:08 Treadmill Crane
47:39 Masonry
MS2GUD1068
0:27 Loom
14:18 Feudal Age
18:55 Castle Age
18:07 Gold Mining
21:19 Horse Collar
28:40 Scale Barding Armor
28:47 Forging
30:30 Thumb Ring
31:44 Fletching
31:54 Padded Archer Armor
32:25 Ballistics
35:05 Imperial Age
33:59 Bodkin Arrow
34:19 Leather Archer Armor
35:06 Iron Casting
34:56 Caravan
36:33 Elite Elephant Archer
37:40 Bracer
38:08 Stone Mining
38:24 Heavy Plow
38:15 Double-Bit Axe
39:12 Ring Archer Armor
41:38 Chain Barding Armor
43:10 Devotion
44:25 Faith
Ballermann
5:06 Loom
10:46 Feudal Age
15:11 Castle Age
15:56 Double-Bit Axe
15:57 Horse Collar
21:08 Heavy Plow
21:45 Stone Mining
23:05 Wheelbarrow
22:29 Fishing Lines
23:27 Gold Mining
23:33 Town Watch
24:49 Hand Cart
25:50 Bow Saw
28:23 Gold Shaft Mining
30:22 Imperial Age
29:42 Husbandry
29:52 Bloodlines
29:53 Scale Barding Armor
29:58 Forging
29:41 Fletching
29:51 Padded Archer Armor
30:14 Ballistics
30:24 Kamandaran
29:51 Crossbowman
30:36 Thumb Ring
30:13 Elite War Elephant
31:42 Chain Barding Armor
32:03 Crop Rotation
31:44 Devotion
33:13 Iron Casting
32:33 Bodkin Arrow
32:54 Leather Archer Armor
36:46 Blast Furnace
36:22 Plate Barding Armor
36:39 Faith
37:47 Conscription
40:05 Town Patrol
45:49 Two-Man Saw
46:43 Heavy Camel Rider
46:44 Cavalier
46:44 Light Cavalry
46:47 Pikeman
46:48 Man-at-Arms
47:13 Gambesons
47:29 Squires
47:14 Arson
47:31 Herbal Medicine
48:11 Theocracy
47:52 Block Printing
47:47 Fervor
48:34 Stone Shaft Mining
Connection lost

Rejoining the realm…

Still unreachable

The connection could not be restored.

Session expired

The server has moved on; the page needs a fresh start.